Map: Rhoskallian LE

Players

Niki

  • Race: Zerg Zerg
  • League: Diamond
  • Spawn Location: 5:00

lave

  • Race: Protoss Protoss
  • League: Platinum
  • Spawn Location: 6:00

qqq - Winner!

  • Race: Protoss Protoss
  • League: Platinum
  • Spawn Location: 11:00

Massa - Winner!

  • Race: Terran Terran
  • League: Platinum
  • Spawn Location: 12:00

VOD

Have the link to the VOD?

Description

Time

  • Played on: Sept. 27, 2020, 9:20 a.m.
  • Length: 27:31
Show
View Real Time Build Order
Export as new Build Order

Niki Zerg 

Build Orders: Hatch First 

Get SALT Encoding   

  12  0:01  Drone  
  13  0:13  Overlord  
  13  0:18  Drone  
  14  0:32  Drone x2  
  16  0:52  Hatchery  
  16  0:55  Drone  
  16  0:58  Drone  
  16  1:00  Drone  
  18  1:11  Extractor  
  18  1:16  Spawning Pool  
  16  1:21  Drone  
  16  1:22  Drone  
  18  1:29  Drone  
  19  2:26  Spine Crawler  
  18  2:30  Zergling x6  
  18  2:31  Queen x2  
  18  2:32  Drone x2  
  27  2:50  Drone  
  28  2:54  Overlord  
  28  3:14  Metabolic Boost  
  28  3:16  Lair  
  28  3:17  Drone x5, Extractor  
  28  3:19  Drone  
  33  3:37  Drone x2  
  35  3:42  Drone  
  35  3:48  Overlord  
  36  3:51  Overlord  
  35  4:10  Drone x4  
  38  4:17  Extractor, Zergling x4  
  38  4:18  Zergling x2  
  38  4:19  Extractor  
  38  4:23  Drone  
  38  4:24  Zergling x2  
  41  4:46  Drone x6  
  41  4:47  Drone x4  
  51  5:07  Hatchery  
  50  5:20  Drone x2  
  52  5:22  Overlord x3  
  52  5:35  Drone, Spire  
  52  5:36  Overlord x2  
  52  5:54  Drone  
  53  6:02  Overlord  
  53  6:13  Overlord  
  53  6:32  Overseer  
  53  6:37  Overlord x2  
  53  6:46  Mutalisk x14  
  81  6:54  Mutalisk  
  83  7:05  Zerg Flyer Weapons Level 1  
  83  7:07  Drone x6  
  89  7:08  Mutalisk  
  89  7:11  Drone x2  
  93  7:23  Mutalisk x2  
  93  7:28  Queen  
  93  7:29  Drone x2  
  103  7:30  Drone x3  
  103  7:31  Overlord x2  
  103  7:32  Extractor x2  
  92  8:08  Mutalisk x5  
  92  8:11  Drone  
  92  8:12  Drone x6  
  107  8:19  Drone x3  
  110  8:23  Overlord  
  110  8:24  Evolution Chamber  
  110  8:25  Drone, Evolution Chamber  
  110  8:26  Overseer  
  109  8:36  Corruptor  
  109  8:38  Zergling x12  
  117  8:42  Corruptor  
  117  8:43  Corruptor  
  119  8:55  Corruptor  
  121  8:59  Zerg Flyer Armor Level 1  
  101  9:25  Corruptor  
  101  9:26  Corruptor x4  
  101  9:30  Zergling x18  
  120  9:41  Spore Crawler  
  120  9:42  Spore Crawler  
  118  9:46  Drone, Spore Crawler  
  118  9:47  Drone  
  118  9:49  Zerg Melee Weapons Level 1, Zerg Ground Armor Level 1  
  118  9:50  Drone x2  
  121  9:56  Corruptor x3  
  121  9:59  Extractor  
  126  10:01  Hatchery  
  126  10:03  Extractor, Baneling Nest  
  123  10:08  Drone x5  
  128  10:16  Mutalisk  
  128  10:18  Overlord  
  128  10:19  Overlord x4  
  128  10:47  Corruptor  
  128  10:48  Corruptor x3  
  126  11:04  Baneling  
  126  11:05  Baneling x10, Centrifical Hooks  
  126  11:07  Zergling x2  
  126  11:08  Zergling x24  
  126  11:10  Baneling  
  126  11:11  Baneling x10  
  139  11:18  Drone  
  139  11:19  Drone x9  
  139  11:21  Overseer x2  
  148  11:58  Baneling x5  
  147  12:02  Corruptor x3  
  147  12:03  Mutalisk x3  
  159  12:10  Zergling x24  
  159  12:11  Zergling x8  
  159  12:13  Overlord x2  
  171  12:32  Mutalisk  
  171  12:33  Mutalisk x5  
  154  12:54  Mutalisk  
  154  12:55  Mutalisk x4  
  151  13:01  Baneling x7  
  130  13:17  Mutalisk x2  
  89  13:47  Zerg Flyer Weapons Level 2  
  84  13:52  Mutalisk x2  
  84  13:53  Mutalisk x3  
  92  13:57  Zergling x8  
  92  13:58  Zergling x2  
  97  14:10  Corruptor  
  97  14:11  Corruptor x2  
  97  14:14  Hatchery  
  102  14:27  Hatchery  
  96  14:45  Mutalisk x2  
  96  14:46  Corruptor x3  
  96  14:50  Zergling x24  
  96  14:51  Hatchery  
  113  15:13  Corruptor x5  
  103  15:35  Drone x3  
  106  15:36  Overlord  
  106  15:37  Overlord  
  106  15:38  Zergling x16  
  106  15:39  Extractor  
  106  15:42  Extractor  
  112  15:46  Zerg Melee Weapons Level 2, Infestation Pit  
  112  15:47  Zerg Ground Armor Level 2  
  111  15:56  Corruptor  
  107  16:11  Zerg Flyer Armor Level 2  
  107  16:17  Corruptor  
  109  16:18  Extractor x2  
  109  16:22  Zergling x2  
  109  16:23  Zergling x28  
  109  16:25  Corruptor  
  122  16:26  Corruptor  
  127  16:42  Baneling  
  127  16:43  Baneling x5  
  127  16:45  Baneling  
  127  16:46  Baneling x2, Zergling x2  
  127  16:47  Zergling x16  
  134  16:48  Corruptor x2  
  134  16:53  Zergling x2  
  134  16:54  Zergling x10  
  147  17:01  Drone x3, Spore Crawler  
  147  17:03  Spore Crawler x2  
  147  17:04  Spore Crawler  
  145  17:19  Baneling  
  145  17:20  Baneling x11, Corruptor  
  145  17:21  Corruptor x2  
  151  17:26  Spore Crawler  
  151  17:27  Spore Crawler x2  
  144  17:47  Corruptor x4  
  150  17:57  Overseer  
  150  17:59  Spore Crawler x3  
  117  18:23  Corruptor x6  
  117  18:25  Zergling x24  
  128  18:41  Extractor  
  127  18:42  Spore Crawler  
  127  18:43  Spore Crawler  
  127  18:44  Spore Crawler  
  124  18:56  Corruptor x3  
  120  19:10  Corruptor  
  120  19:22  Corruptor  
  114  19:42  Corruptor x2  
  118  19:48  Extractor  
  118  19:49  Spore Crawler  
  118  19:50  Spore Crawler  
  115  19:57  Corruptor  
  112  20:09  Zergling x28  
  112  20:10  Zergling x4  
  112  20:12  Hatchery  
  122  20:22  Spore Crawler  
  122  20:23  Spore Crawler  
  110  20:39  Corruptor x5  
  111  20:58  Hive  
  102  21:04  Extractor  
  102  21:10  Extractor  
  98  21:43  Corruptor x2  
  98  21:46  Zergling x24  
  98  21:47  Zergling x10  
  119  22:02  Hatchery  
  119  22:04  Drone x5  
  119  22:05  Drone x4  
  119  22:06  Baneling x3  
  127  22:11  Baneling x5  
  127  22:13  Baneling  
  127  22:23  Corruptor  
  128  22:52  Greater Spire  
  128  22:55  Viper x2  
  119  23:03  Viper  
  104  23:49  Corruptor  
  104  23:51  Zergling x20  
  104  23:52  Zergling x16  
  104  23:55  Extractor  
  117  23:59  Extractor  
  110  24:15  Zergling x16  
  50  25:25  Zergling x2  
  50  25:26  Zergling x22  
  46  26:02  Corruptor  
  46  26:03  Corruptor  
  50  26:11  Zergling x28  
Show
View Real Time Build Order
Export as new Build Order

lave Protoss 

Build Orders:  

Get SALT Encoding   

  12  0:01  Probe (Chrono Boost)  
  13  0:16  Probe, Pylon  
  14  0:28  Probe  
  15  0:38  Gateway  
  15  0:41  Probe  
  16  0:48  Assimilator  
  16  0:53  Probe  
  17  1:05  Probe (Chrono Boost)  
  18  1:17  Probe (Chrono Boost)  
  20  1:26  Probe (Chrono Boost)  
  20  1:30  Cybernetics Core  
  20  1:52  Zealot  
  22  1:56  Pylon  
  22  2:06  Nexus, Warp Gate (Chrono Boost)  
  22  2:33  Stalker  
  21  3:12  Stalker  
  23  3:24  Assimilator  
  23  3:29  Assimilator  
  23  3:37  Pylon  
  24  3:55  Probe  
  24  4:07  Probe (Chrono Boost)  
  25  4:15  Gateway  
  25  4:16  Gateway  
  25  4:18  Gateway  
  25  4:20  Probe (Chrono Boost)  
  25  4:23  Sentry  
  28  4:28  Probe (Chrono Boost)  
  29  4:54  Pylon  
  29  4:58  Pylon  
  29  5:02  Gateway  
  29  5:07  Stalker  
  31  5:25  Stalker  
  31  5:26  Stalker x2  
  35  6:00  Stalker x3  
  35  6:01  Stalker  
  41  6:39  Sentry x3  
  47  7:02  Pylon  
  47  7:03  Pylon  
  43  7:20  Probe  
  43  7:32  Probe  
  44  7:45  Nexus  
  44  7:47  Pylon  
  44  7:50  Pylon  
  44  7:54  Pylon  
  44  7:56  Forge  
  44  7:59  Pylon  
  44  8:02  Pylon  
  44  8:16  Probe (Chrono Boost)  
  45  8:24  Twilight Council  
  45  8:26  Probe (Chrono Boost)  
  46  8:31  Probe (Chrono Boost)  
  46  8:33  Photon Cannon  
  47  8:42  Probe (Chrono Boost)  
  48  8:50  Probe (Chrono Boost)  
  48  8:55  Photon Cannon  
  49  8:56  Probe  
  50  9:08  Probe  
  51  9:15  Photon Cannon  
  51  9:18  Photon Cannon  
  51  9:20  Blink (Chrono Boost)  
  51  9:34  Probe x2  
  51  9:36  Protoss Ground Weapons Level 1 (Chrono Boost)  
  53  9:46  Probe x2 (Chrono Boost)  
  55  9:59  Probe x2 (Chrono Boost)  
  57  10:03  Assimilator  
  57  10:06  Assimilator  
  59  10:07  Probe x2 (Chrono Boost)  
  59  10:12  Probe (Chrono Boost)  
  59  10:13  Probe  
  59  10:16  Templar Archives  
  61  10:46  Stalker x3  
  61  10:47  Stalker x2  
  71  10:55  Probe x2  
  73  11:07  Probe x2  
  73  11:11  High Templar x2  
  77  11:12  High Templar  
  77  11:13  High Templar  
  77  11:16  Archon  
  83  11:19  Probe  
  84  11:37  High Templar  
  86  11:40  Archon  
  86  11:41  Nexus  
  86  11:44  Pylon  
  86  11:46  Pylon  
  86  12:05  Protoss Ground Weapons Level 2 (Chrono Boost)  
  86  12:10  Photon Cannon  
  86  12:15  Photon Cannon  
  86  12:18  Photon Cannon, High Templar x3  
  92  12:23  Archon  
  92  12:24  Archon  
  92  13:05  Stalker x3  
  92  13:06  Stalker x2  
  102  13:56  High Templar x2  
  102  13:57  High Templar x2  
  102  14:01  Archon x2  
  110  14:07  Cybernetics Core  
  110  14:09  Probe, Pylon  
  112  14:10  Probe x2  
  112  14:13  Pylon  
  113  14:21  Probe  
  113  14:22  Probe x2  
  112  14:33  Probe  
  112  14:34  Probe  
  56  15:18  Stalker  
  56  15:19  Stalker x3  
  58  15:28  Pylon  
  58  15:31  Pylon  
  58  15:34  Gateway  
  58  15:36  Gateway  
  58  15:37  Probe  
  58  15:38  Probe x2, Gateway  
  58  15:41  Gateway  
  61  15:43  Gateway, Assimilator  
  61  15:47  Assimilator, Protoss Ground Weapons Level 3  
  61  15:49  Probe  
  62  15:50  Probe x2  
  62  15:56  Stalker  
  62  15:57  Stalker x3  
  70  16:01  Probe  
  70  16:02  Probe  
  74  16:23  High Templar x4  
  82  16:31  Archon  
  82  16:32  Archon  
  82  16:40  Stalker x4  
  90  16:57  Gateway  
  90  16:58  Gateway  
  90  17:01  Gateway  
  90  17:04  Gateway, High Templar x2  
  90  17:05  High Templar x3  
  90  17:07  Robotics Facility  
  90  17:08  High Templar  
  102  17:12  Archon x2  
  102  17:14  Archon  
  102  17:15  Stalker x2  
  104  17:16  Stalker  
  108  17:50  High Templar x4  
  114  17:58  Archon  
  89  18:04  Archon  
  47  18:15  Stalker x4  
  47  18:16  Stalker x3  
  47  18:18  Stalker x2  
  65  18:22  Stalker  
  51  18:44  Zealot  
  51  18:45  Zealot x5  
  51  18:46  Zealot x2  
  51  18:47  Zealot  
  67  18:48  Zealot  
  67  18:51  Zealot  
  71  19:08  Charge (Chrono Boost)  
  47  19:24  Adept x2  
  47  19:25  Adept x3  
  47  19:26  Adept x4  
  47  19:27  Adept  
  47  19:53  Stalker x2  
  47  19:54  Stalker x2  
  47  19:55  Stalker x2  
  54  20:13  Stalker  
  56  20:14  Stalker  
  58  20:21  Zealot  
  58  20:22  Zealot x5  
  70  20:46  Zealot x2  
  70  20:47  Zealot x2  
  70  20:48  Zealot x2  
  70  20:49  Zealot  
  58  21:32  Zealot x2  
  62  21:33  Zealot x5  
  62  21:34  Zealot  
  50  21:59  Stalker x2  
  50  22:00  Stalker  
  55  22:26  Pylon  
  55  22:28  Pylon  
  55  22:42  Observer  
  56  23:04  Observer  
  57  23:20  Zealot x5  
  57  23:21  Zealot  
  57  23:25  Observer  
  70  23:44  High Templar x3  
  76  24:01  Archon  
  74  24:38  Zealot  
  74  24:39  Zealot x3  
  74  24:40  Zealot x4  
  90  25:02  Templar Archives  
  90  25:22  Psionic Storm  
  90  25:45  High Templar  
  90  26:31  High Templar  
Show
View Real Time Build Order
Export as new Build Order

qqq Protoss - Winner!

Build Orders: Carriers 

Get SALT Encoding   

  12  0:01  Probe  
  13  0:13  Probe  
  14  0:19  Pylon  
  14  0:25  Probe  
  15  0:37  Probe  
  15  0:41  Forge  
  16  0:49  Probe  
  17  1:02  Probe  
  18  1:11  Pylon  
  18  1:22  Probe  
  19  1:34  Probe  
  20  1:43  Pylon  
  20  1:49  Photon Cannon  
  20  1:53  Photon Cannon  
  20  2:02  Photon Cannon  
  20  2:03  Photon Cannon  
  20  2:06  Pylon  
  20  2:08  Pylon  
  20  2:16  Photon Cannon  
  20  2:27  Photon Cannon  
  19  2:43  Photon Cannon  
  18  3:08  Nexus  
  18  3:09  Probe  
  19  3:15  Pylon  
  19  3:21  Probe  
  20  3:28  Pylon  
  20  3:34  Gateway  
  20  3:35  Probe  
  20  3:36  Assimilator  
  21  3:47  Probe  
  22  3:48  Assimilator  
  22  4:00  Probe  
  23  4:05  Photon Cannon  
  23  4:17  Probe (Chrono Boost)  
  24  4:23  Cybernetics Core  
  24  4:26  Pylon  
  24  4:27  Probe (Chrono Boost)  
  25  4:31  Probe (Chrono Boost)  
  26  4:41  Probe (Chrono Boost)  
  26  4:44  Probe (Chrono Boost)  
  28  4:53  Probe (Chrono Boost)  
  30  5:01  Probe (Chrono Boost), Stargate  
  30  5:02  Probe (Chrono Boost)  
  30  5:04  Pylon  
  31  5:07  Probe x2  
  33  5:19  Probe x2  
  33  5:20  Stargate  
  35  5:29  Assimilator  
  35  5:31  Probe (Chrono Boost)  
  35  5:33  Assimilator  
  35  5:34  Probe (Chrono Boost)  
  38  5:43  Probe (Chrono Boost)  
  38  5:48  Probe (Chrono Boost)  
  38  5:49  Probe (Chrono Boost)  
  39  5:55  Probe  
  41  5:58  Probe  
  41  6:03  Oracle (Chrono Boost)  
  44  6:10  Probe  
  44  6:11  Phoenix (Chrono Boost)  
  48  6:19  Probe  
  48  6:22  Probe  
  50  6:31  Phoenix (Chrono Boost)  
  52  6:36  Phoenix (Chrono Boost)  
  54  6:42  Protoss Air Weapons Level 1 (Chrono Boost)  
  54  6:49  Phoenix  
  54  6:54  Phoenix  
  58  7:05  Probe, Nexus  
  58  7:06  Probe, Pylon  
  58  7:08  Pylon  
  60  7:11  Pylon  
  60  7:18  Probe x2  
  60  7:21  Phoenix x2  
  63  7:30  Probe x2  
  63  7:33  Photon Cannon  
  63  7:36  Photon Cannon  
  65  7:38  Photon Cannon  
  65  7:42  Probe x2, Photon Cannon  
  67  7:44  Photon Cannon  
  67  7:46  Phoenix  
  69  7:54  Probe x2  
  67  8:11  Phoenix  
  67  8:12  Phoenix  
  71  8:23  Fleet Beacon  
  71  8:26  Stargate  
  71  8:30  Probe  
  71  8:34  Assimilator  
  72  8:36  Phoenix  
  72  8:39  Assimilator  
  72  8:41  Protoss Air Armor Level 1 (Chrono Boost)  
  74  8:42  Probe, Phoenix  
  76  8:50  Nexus  
  76  8:54  Probe  
  70  9:20  Void Ray  
  68  9:25  Phoenix x2  
  76  9:39  Probe  
  76  9:44  Void Ray  
  77  9:51  Probe  
  82  9:56  Anion Pulse-Crystals  
  82  9:57  Nexus  
  82  9:58  Carrier  
  88  10:00  Pylon  
  88  10:01  Pylon  
  88  10:03  Probe  
  88  10:05  Pylon  
  89  10:07  Pylon  
  89  10:15  Probe  
  89  10:18  Nexus  
  89  10:19  Pylon  
  90  10:22  Pylon  
  90  10:24  Void Ray x2  
  90  10:26  Pylon  
  90  10:27  Probe  
  99  10:39  Probe  
  98  10:51  Probe  
  98  10:56  Void Ray  
  99  10:58  Photon Cannon  
  99  11:00  Photon Cannon  
  99  11:01  Void Ray x2  
  99  11:03  Photon Cannon  
  103  11:04  Photon Cannon  
  103  11:05  Photon Cannon  
  103  11:06  Photon Cannon  
  103  11:08  Photon Cannon  
  111  11:11  Photon Cannon  
  111  11:33  Void Ray  
  111  11:34  Flux Vanes  
  111  11:37  Probe x2  
  117  11:44  Tempest, Carrier  
  128  11:49  Probe x2  
  130  12:01  Probe x2  
  131  12:03  Robotics Facility  
  131  12:06  Pylon  
  131  12:08  Photon Cannon  
  132  12:10  Void Ray  
  132  12:13  Probe x2  
  138  12:25  Probe x2  
  138  12:27  Carrier  
  136  12:37  Probe x2  
  138  12:49  Carrier  
  144  12:53  Carrier  
  146  13:31  Carrier  
  111  13:53  Carrier  
  105  13:58  Carrier  
  105  14:01  Probe x2, Photon Cannon  
  113  14:05  Photon Cannon, Assimilator  
  113  14:07  Shield Battery, Assimilator  
  113  14:08  Assimilator  
  113  14:11  Assimilator  
  113  14:13  Probe x2  
  115  14:24  Nexus, Mothership  
  115  14:25  Probe x2  
  115  14:26  Pylon  
  115  14:28  Pylon  
  125  14:31  Pylon  
  125  14:34  Pylon  
  125  14:36  Carrier  
  125  14:37  Probe  
  125  14:38  Probe  
  133  14:39  Pylon  
  133  14:41  Pylon  
  133  14:49  Probe  
  133  14:50  Probe  
  135  14:53  Nexus  
  135  14:56  Void Ray, Pylon  
  135  14:57  Carrier, Pylon  
  141  15:00  Pylon  
  141  15:02  Probe x2, Pylon  
  135  15:22  Probe  
  135  15:23  Probe  
  137  15:34  Void Ray  
  137  15:35  Probe x2  
  139  15:39  Phoenix  
  139  15:42  Photon Cannon  
  145  15:44  Photon Cannon  
  145  15:46  Photon Cannon  
  145  15:47  Probe  
  145  15:49  Photon Cannon  
  146  15:50  Photon Cannon  
  146  15:54  Photon Cannon  
  146  15:57  Photon Cannon  
  146  16:00  Stargate  
  146  16:01  Phoenix  
  146  16:02  Shield Battery  
  146  16:03  Shield Battery  
  154  16:04  Carrier  
  154  16:05  Photon Cannon  
  154  16:06  Observer, Photon Cannon  
  154  16:08  Photon Cannon  
  154  16:09  Pylon  
  154  16:10  Stargate  
  155  16:17  Carrier  
  161  16:20  Void Ray, Nexus  
  161  16:23  Pylon  
  161  16:25  Pylon  
  161  16:28  Observer  
  161  16:29  Pylon  
  161  16:30  Pylon  
  166  16:34  Pylon  
  166  16:38  Pylon  
  166  16:41  Photon Cannon, Pylon  
  166  16:47  Photon Cannon  
  166  16:49  Photon Cannon  
  166  16:52  Photon Cannon  
  166  16:55  Photon Cannon  
  166  16:57  Void Ray  
  166  17:00  Photon Cannon  
  166  17:02  Photon Cannon, Void Ray  
  166  17:05  Pylon  
  166  17:08  Shield Battery  
  174  17:12  Carrier x2  
  174  17:13  Shield Battery  
  174  17:15  Shield Battery  
  186  17:20  Probe, Shield Battery  
  186  17:21  Carrier  
  193  17:23  Photon Cannon  
  193  17:26  Photon Cannon  
  193  17:28  Probe  
  193  17:29  Photon Cannon  
  194  17:32  Probe  
  194  17:33  Probe, Photon Cannon  
  194  17:34  Void Ray  
  196  17:40  Shield Battery  
  196  17:42  Photon Cannon  
  200  17:45  Photon Cannon  
  200  17:52  Shield Battery  
  200  17:53  Photon Cannon  
  200  17:56  Photon Cannon  
  190  18:37  Carrier  
  172  19:30  Tempest x2, Carrier x2  
  182  19:40  Tempest  
  173  20:13  Tempest x2  
  181  20:18  Void Ray  
  181  20:28  Void Ray x2  
  147  20:50  Void Ray  
  147  20:55  Stargate, Void Ray  
  147  20:56  Tempest, Stargate  
  156  21:01  Probe  
  156  21:02  Probe, Stargate  
  162  21:04  Assimilator  
  162  21:05  Void Ray x2  
  162  21:08  Assimilator  
  162  21:09  Assimilator  
  166  21:13  Assimilator  
  166  21:14  Probe  
  171  21:20  Photon Cannon  
  171  21:21  Probe, Photon Cannon  
  171  21:23  Pylon  
  171  21:25  Shield Battery, Pylon  
  172  21:27  Void Ray  
  172  21:32  Void Ray  
  172  21:33  Probe, Void Ray  
  172  21:39  Observer  
  186  21:42  Void Ray x2  
  186  21:52  Protoss Air Weapons Level 2 (Chrono Boost)  
  194  22:04  Void Ray  
  198  22:28  Nexus  
  193  22:47  Carrier  
  195  24:07  Pylon  
  195  24:10  Pylon  
  195  24:13  Pylon  
  195  24:15  Pylon  
  195  24:18  Protoss Air Armor Level 2  
  195  24:19  Pylon  
  195  24:24  Pylon  
  195  24:27  Pylon  
  195  24:30  Pylon  
  195  24:32  Nexus  
  195  24:34  Pylon  
  195  24:37  Pylon  
  190  24:41  Pylon  
  182  24:54  Void Ray  
  182  24:59  Carrier x2 (Chrono Boost)  
  190  25:07  Carrier x2 (Chrono Boost)  
  168  25:22  Carrier (Chrono Boost)  
  164  25:33  Carrier (Chrono Boost), Mothership  
  164  25:35  Carrier (Chrono Boost)  
  158  25:45  Photon Cannon  
  158  25:48  Photon Cannon  
  158  25:50  Void Ray (Chrono Boost)  
  158  25:51  Photon Cannon  
  158  25:53  Tempest, Photon Cannon  
  158  25:56  Photon Cannon  
  167  25:58  Void Ray  
  167  25:59  Photon Cannon  
  167  26:01  Photon Cannon  
  167  26:04  Tempest, Photon Cannon  
  171  26:05  Probe  
  171  26:06  Photon Cannon  
  171  26:10  Photon Cannon  
  177  26:13  Photon Cannon  
  177  26:17  Probe  
  177  26:18  Photon Cannon  
  178  26:19  Tempest, Shield Battery  
  178  26:22  Shield Battery  
  178  26:24  Shield Battery  
  183  26:26  Shield Battery  
  183  26:28  Photon Cannon  
  183  26:29  Probe, Shield Battery  
  183  26:32  Phoenix  
  198  26:33  Shield Battery  
  198  26:36  Photon Cannon, Phoenix  
  198  26:37  Photon Cannon  
  200  26:42  Photon Cannon  
  200  26:47  Photon Cannon  
  200  26:52  Photon Cannon  
  200  26:55  Photon Cannon  
Show
View Real Time Build Order
Export as new Build Order

Massa Terran - Winner!

Build Orders:  

Get SALT Encoding   

  12  0:01  SCV  
  13  0:13  SCV  
  14  0:19  Supply Depot  
  14  0:25  SCV  
  15  0:41  SCV  
  16  0:43  Barracks  
  16  0:53  SCV  
  16  0:54  Refinery  
  17  1:05  SCV  
  18  1:21  SCV  
  19  1:29  Marine  
  20  1:34  Orbital Command  
  20  1:41  Command Center  
  20  1:47  Reaper  
  21  2:09  SCV  
  22  2:22  SCV  
  23  2:26  Factory  
  23  2:43  Supply Depot  
  23  2:48  Command Center, Supply Depot  
  23  2:50  Barracks Reactor  
  23  2:53  SCV  
  24  2:58  Orbital Command  
  24  3:05  SCV, Bunker  
  25  3:20  Supply Depot  
  24  3:28  Supply Depot  
  24  3:38  Barracks Reactor, Starport  
  24  3:40  Barracks Tech Lab  
  26  3:41  Hellion  
  26  3:47  SCV x2  
  28  4:01  Supply Depot  
  28  4:16  Medivac  
  30  4:19  Marauder  
  30  4:21  Hellion x2  
  36  4:28  Orbital Command  
  36  4:29  SCV x2  
  38  4:43  Hellion x2  
  42  4:50  Marauder  
  44  4:54  Refinery, SCV x3  
  47  5:04  Hellion x2  
  47  5:06  SCV x2  
  47  5:07  SCV  
  54  5:11  Marine  
  55  5:17  Viking  
  55  5:18  SCV x2  
  59  5:26  Widow Mine x2  
  63  5:28  Marine  
  63  5:30  Barracks  
  63  5:31  Refinery  
  63  5:34  Barracks  
  64  5:36  Engineering Bay  
  64  5:39  Engineering Bay  
  64  5:47  Marauder  
  66  6:07  Viking  
  66  6:09  Barracks  
  68  6:12  Factory Tech Lab  
  68  6:32  SCV x3  
  71  6:34  Barracks Tech Lab  
  71  6:36  Barracks Reactor  
  71  6:40  Marauder  
  71  6:44  SCV x2  
  75  7:02  Marauder  
  75  7:13  Refinery  
  75  7:16  Stimpack  
  75  7:17  Combat Shield  
  75  7:23  Marauder  
  75  7:24  Marine x2  
  75  7:25  Marauder  
  81  7:35  Barracks x2  
  81  7:41  Marine  
  81  7:42  Marine  
  77  7:44  Marauder  
  77  7:47  Marauder  
  75  7:52  Missile Turret x2  
  75  7:55  Missile Turret x2  
  75  7:58  Missile Turret  
  75  7:59  Marine x2  
  77  8:05  Marine  
  77  8:07  Missile Turret  
  77  8:08  Marine  
  77  8:10  Missile Turret  
  79  8:17  Marine x2  
  79  8:19  SCV  
  83  8:20  SCV x2  
  83  8:23  Marine  
  83  8:25  Barracks Reactor, Marine  
  86  8:29  Missile Turret  
  86  8:31  Missile Turret  
  86  8:34  Terran Infantry Armor Level 1, Terran Infantry Weapons Level 1  
  86  8:35  Marine x2  
  86  8:36  Concussive Shells  
  86  8:39  Armory  
  86  8:41  Marine  
  88  8:42  Starport Reactor, Armory  
  88  8:43  Marine  
  88  8:48  Missile Turret  
  90  8:52  Missile Turret  
  90  8:53  Marine  
  91  8:59  Marauder  
  93  9:09  Missile Turret  
  93  9:15  Supply Depot  
  93  9:21  Missile Turret  
  93  9:30  Missile Turret  
  93  9:34  Supply Depot  
  93  9:37  SCV x3, Marauder, Supply Depot, Siege Tank  
  93  9:38  Supply Depot  
  101  9:39  Supply Depot x2  
  101  9:41  Smart Servos  
  101  9:44  Terran Vehicle Weapons Level 1  
  101  9:54  Orbital Command  
  101  9:56  SCV x2  
  101  9:57  Supply Depot  
  103  10:08  SCV x2  
  103  10:09  Siege Tank  
  108  10:20  SCV x2  
  110  10:32  SCV, Missile Turret  
  111  10:36  Missile Turret  
  110  10:44  Terran Infantry Weapons Level 2  
  110  10:45  SCV  
  110  10:49  Missile Turret  
  110  10:51  Engineering Bay  
  110  10:53  Terran Vehicle And Ship Armor Level 1  
  110  10:57  SCV  
  109  11:09  SCV  
  109  11:10  Missile Turret  
  110  11:11  Missile Turret  
  110  11:17  Marauder x2  
  110  11:18  Marine x5  
  119  11:26  Medivac x2  
  119  11:32  Missile Turret  
  123  11:33  Missile Turret  
  123  11:35  Marine  
  123  11:36  Marine x2  
  123  11:38  Marauder x2  
  123  11:39  Marine x2  
  125  11:53  Marine  
  125  11:56  Medivac x2  
  125  11:59  SCV x3  
  125  12:00  Marauder x2  
  136  12:11  SCV x3  
  139  12:15  Command Center  
  139  12:21  Marauder  
  141  12:23  SCV x3  
  141  12:26  Medivac  
  146  12:35  SCV  
  89  13:13  Marauder x2, Marine  
  89  13:14  Marine x4  
  90  13:31  Marine x2  
  90  13:32  Marine x3  
  97  13:34  Marauder  
  97  13:35  Marauder  
  97  13:40  Barracks  
  97  13:41  Barracks  
  99  13:49  Marine x5, Command Center  
  99  13:53  Siege Tank  
  109  13:56  Marauder x2  
  111  14:07  Marine x5  
  118  14:17  Marauder x2  
  120  14:24  Marine  
  120  14:25  Marine, Siege Tank  
  120  14:29  SCV  
  120  14:30  SCV x2  
  124  14:38  Marauder  
  124  14:39  Marauder  
  124  14:41  SCV  
  124  14:42  SCV x2  
  115  14:54  SCV x3  
  115  14:56  Marine  
  115  14:57  Marine x4, Siege Tank  
  108  15:00  Marauder x2  
  108  15:06  SCV x2  
  100  15:08  Barracks Reactor  
  100  15:10  Barracks Tech Lab  
  92  15:14  Marine  
  92  15:15  Marine x3  
  98  15:21  Marauder  
  98  15:22  Marauder, Missile Turret x2  
  98  15:26  Medivac x2  
  104  15:28  Planetary Fortress  
  104  15:33  Missile Turret x2  
  104  15:35  SCV  
  104  15:36  SCV x2  
  109  15:42  Marauder  
  109  15:43  Marauder, Missile Turret  
  109  15:48  SCV  
  109  15:49  Ghost Academy  
  112  15:52  Terran Vehicle And Ship Armor Level 2  
  112  15:53  Terran Infantry Armor Level 2  
  112  15:54  Missile Turret x2  
  112  15:56  Medivac x2  
  116  16:00  Refinery  
  116  16:02  Refinery  
  118  16:04  Marauder x2  
  120  16:12  Siege Tank  
  120  16:14  Missile Turret  
  120  16:15  Missile Turret  
  120  16:18  Ghost Academy  
  123  16:42  Marauder x2  
  123  16:43  Marauder, Marine x6  
  123  16:44  Siege Tank  
  123  16:46  Barracks Tech Lab  
  138  17:00  Marine  
  138  17:01  Marine x5  
  139  17:03  Marauder  
  139  17:04  Marauder x2  
  150  17:10  Command Center  
  150  17:18  Marine  
  150  17:19  Marine x5  
  156  17:25  Marauder x3, Ghost  
  164  17:30  Enhanced Shockwaves, Personal Cloaking  
  164  17:36  Marine  
  164  17:37  Marine x2  
  162  17:46  Marauder  
  162  17:47  Marauder x2  
  168  17:54  Ghost  
  159  18:08  Marauder x3  
  144  18:23  Ghost  
  144  18:24  Marine x6  
  107  18:28  Ghost  
  107  18:29  Marauder x2  
  106  18:41  Marine  
  106  18:42  Marine x5  
  106  18:45  Siege Tank  
  115  18:49  Nuke  
  115  18:51  Marauder x2  
  115  18:52  Marauder  
  121  18:56  Nuke  
  121  18:57  Marauder  
  121  18:59  Marine  
  121  19:00  Marine x5  
  122  19:12  Marauder x2  
  122  19:13  Marauder  
  124  19:17  Marine x3, Siege Tank  
  124  19:19  Marauder  
  109  19:34  Marauder x2  
  109  19:35  Marauder  
  111  19:40  Marauder  
  113  19:49  Marine, Siege Tank  
  113  19:50  Marine  
  113  19:51  Marine x4  
  118  19:55  Marauder x2  
  118  19:56  Marauder  
  118  19:57  Medivac x2  
  119  20:02  Marauder  
  119  20:06  Marine  
  110  20:08  Marine  
  110  20:09  Marine x4  
  113  20:16  Marauder x2  
  113  20:17  Marauder  
  119  20:23  Marauder  
  119  20:24  Marine  
  119  20:26  Refinery, Marine x2  
  119  20:27  Marine x3, Medivac x2  
  119  20:28  Refinery  
  131  20:29  Planetary Fortress  
  131  20:33  Missile Turret  
  131  20:38  Marauder x2  
  131  20:39  Marauder  
  131  20:42  Marine  
  138  20:43  Ghost  
  138  20:44  Marine x3  
  143  20:54  Missile Turret  
  138  20:58  Ghost x2  
  138  20:59  Ghost  
  113  21:12  Ghost  
  113  21:14  Missile Turret  
  111  21:26  Marine x2  
  111  21:28  Marauder x2, Marine  
  111  21:29  Marauder  
  118  21:33  Missile Turret  
  116  21:41  Marauder  
  110  21:49  Marauder x2  
  110  21:50  Marauder  
  106  22:03  Marauder  
  106  22:07  Marine x4  
  106  22:08  Marine x2  
  114  22:10  Marauder x2  
  114  22:11  Marauder  
  120  22:24  Marauder  
  120  22:25  Marine x6  
  128  22:32  Refinery, Marauder x2  
  128  22:33  Marauder  
  128  22:36  Refinery, Terran Infantry Armor Level 3  
  134  22:38  Terran Vehicle Weapons Level 2  
  134  22:40  Siege Tank  
  134  22:41  Command Center  
  134  22:42  Marine  
  134  22:43  Marine x3  
  141  22:46  Marauder  
  122  23:25  SCV, Missile Turret  
  122  23:26  SCV x3  
  126  23:27  SCV  
  127  23:38  SCV x3  
  127  23:39  SCV x2  
  132  23:45  Siege Tank  
  135  23:50  SCV x3  
  138  24:03  Nuke x2  
  138  24:08  Ghost Academy  
  132  24:17  Siege Tank  
  135  24:40  Ghost Academy  
  134  24:53  Marauder, Marine  
  134  24:54  Marauder, Marine x7  
  146  25:11  Marine  
  146  25:12  Marine x7  
  151  25:14  Marine  
  151  25:15  Marine  
  151  25:20  Orbital Command  
  142  25:29  Marine x4  
  142  25:30  Marine x4  
  149  25:41  Medivac x2  
  153  25:55  Marauder x4, Marine  
  153  25:56  Marine x5  
  167  26:03  Command Center  
  167  26:11  Medivac  
  167  26:13  Marine x2  
  171  26:41  Supply Depot x2  
  171  26:42  Supply Depot  
  171  26:44  Supply Depot  
  171  26:45  Supply Depot  
  171  26:54  Marine  
  171  26:55  Marauder, Marine x2  
  171  26:57  Marauder, Marine x3  
  171  26:58  Marauder  
  171  26:59  Marauder  
  163  27:06  Supply Depot  
  163  27:08  Supply Depot x2  
  157  27:11  Supply Depot  
  157  27:12  Marine, Supply Depot  
  166  27:30  Engineering Bay  
Tags
 
Add a new tag
Caveats
  • Supply blocks, unpowered buildings, or Contaminate may cause inaccurate times.
  • Supply counts are checked every 10 seconds.